[Event "Titled Tuesday Blitz February 28 Early 2023"]
[White "Milikow, Yoav"]
[Black "Ljukin, Sergei"]
[WhiteFideId "2822237"]
[BlackFideId "14102200"]
[WhiteElo "2410"]
[BlackElo "2312"]
[Result "1-0"]
[Round "02"]
[TimeControl "180+2"]
[Date "2023.02.28"]
[WhiteClock "0:00:36"]
[BlackClock "0:00:05"]

1. c4 c6 2. Nf3 d5 3. g3 Nf6 4. Bg2 Bf5 5. O-O e6 6. d3 Bc5 7. Nc3 O-O 8. d4 Bd6 9. c5 Bc7 10. Nh4 Bg4 11. h3 Bh5 12. Rb1 e5 13. b4 exd4 14. Qxd4 Nbd7 15. Bf4 Re8 16. e3 Nf8 17. Bxc7 Qxc7 18. Qf4 Qxf4 19. gxf4 a6 20. Rb2 Rad8 21. Nf5 d4 22. Nxd4 Bg6 23. Rd2 Ne4 24. Bxe4 Bxe4 25. f3 Bg6 26. Kf2 Rd7 27. Rfd1 Red8 28. Ke2 Bh5 29. Ne4 Ne6 30. Nd6 Rb8 31. a4 Kf8 32. a5 g6 33. Kf2 Ke7 34. N4f5+ gxf5 35. Nxf5+ Kf6 36. Rxd7 Kxf5 37. Rg1 Kf6 38. Rd6 Ke7 39. f5 Nc7 40. e4 1-0


[Site "https://www.chess.com"]

[Event "Titled Tuesday Blitz February 28 Early 2023"]
[White "Mikhailovsky, Vladimir"]
[Black "Martic, Ivan"]
[WhiteFideId "34105414"]
[BlackFideId "929301"]
[WhiteElo "2282"]
[BlackElo "2360"]
[Result "1-0"]
[Round "02"]
[TimeControl "180+2"]
[Date "2023.02.28"]
[WhiteClock "0:00:20"]
[BlackClock "0:00:37"]

1. e4 c5 2. Nf3 d6 3. d4 cxd4 4. Qxd4 Nc6 5. Bb5 Bd7 6. Bxc6 Bxc6 7. Nc3 Nf6 8. Bg5 e6 9. O-O-O Be7 10. Rhe1 O-O 11. Qd2 Qc7 12. Nd4 a6 13. f3 Rfd8 14. g4 b5 15. Nce2 Bb7 16. Ng3 Rac8 17. Kb1 b4 18. Rg1 a5 19. Nh5 Ne8 20. h4 Ba6 21. Bxe7 Qxe7 22. g5 Kh8 23. Nf4 Kg8 24. g6 hxg6 25. h5 g5 26. Nh3 f6 27. f4 Rc5 28. fxg5 fxg5 29. Nxg5 Re5 30. h6 g6 31. h7+ Kh8 32. Nc6 1-0


[Site "https://www.chess.com"]

[Event "Titled Tuesday Blitz February 28 Early 2023"]
[White "Valgmae, Toomas"]
[Black "Hambleton, Aman"]
[WhiteFideId "4502523"]
[BlackFideId "2606577"]
[WhiteElo "2170"]
[BlackElo "2511"]
[Result "0-1"]
[Round "02"]
[TimeControl "180+2"]
[Date "2023.02.28"]
[WhiteClock "0:00:03"]
[BlackClock "0:00:03"]

1. d4 Nf6 2. c4 e6 3. Nc3 Bb4 4. Qc2 c5 5. dxc5 Qc7 6. a3 Bxc5 7. Nf3 a6 8. b4 Be7 9. e3 b6 10. Bb2 Bb7 11. Be2 d6 12. O-O Nbd7 13. Rac1 O-O 14. Rfd1 Rac8 15. Qb3 h6 16. Nd4 Rfe8 17. f3 Qb8 18. e4 Ne5 19. h3 Nh5 20. Bf1 Bg5 21. Rc2 Qc7 22. Nb1 Be7 23. Bc1 Bg5 24. Bb2 Red8 25. Bc1 Qe7 26. Be3 Bf4 27. Bxf4 Nxf4 28. Qe3 Qg5 29. Kh2 Nfg6 30. Qxg5 hxg5 31. g3 Kf8 32. Kg2 Ke7 33. Nd2 Rc7 34. N2b3 Rdc8 35. Rdc1 Nf8 36. Kf2 Nfd7 37. Ke3 Ng6 38. Bd3 Nge5 39. Be2 Ba8 40. Bd3 Nxd3 41. Kxd3 Ne5+ 42. Ke3 Nxc4+ 43. Ke2 Kd7 44. Nd2 Nxa3 45. Rxc7+ Rxc7 46. Ra1 Nc4 47. Rxa6 Nxd2 48. Kxd2 Bb7 49. Rxb6 Bc8 50. Kd3 Rc1 51. Rb8 Rd1+ 52. Ke3 Kc7 53. Ra8 Kb7 54. Ra2 Rb1 55. b5 Bd7 56. Rd2 e5 57. Nf5 Rb3+ 58. Kf2 Bxf5 59. exf5 Kc7 60. Rd5 Rb2+ 61. Kg1 f6 62. g4 Kd7 63. Kf1 Rc2 64. Kg1 Rb2 65. Kh1 Rf2 66. Rd3 Kc7 67. b6+ Kc6 68. b7 Rb2 0-1


[Site "https://www.chess.com"]

[Event "Titled Tuesday Blitz February 28 Early 2023"]
[White "Tatarinov, Dmitry"]
[Black "Chernov, Mikhail"]
[WhiteFideId "24160067"]
[BlackFideId "24143170"]
[WhiteElo "2326"]
[BlackElo "2113"]
[Result "1-0"]
[Round "02"]
[TimeControl "180+2"]
[Date "2023.02.28"]
[WhiteClock "0:02:29"]
[BlackClock "0:01:59"]

1. e4 c5 2. Nf3 Nc6 3. Bc4 e6 4. d3 a6 5. c3 Qc7 6. Bb3 Nf6 7. O-O Be7 8. Re1 O-O 9. Nbd2 d6 10. Nf1 b5 11. Ng3 Bb7 12. Bg5 Rfe8 13. d4 cxd4 14. cxd4 Na5 15. Rc1 Nc4 16. Nd2 Rac8 17. Nxc4 bxc4 18. Rxc4 Qa5 19. Rxc8 Rxc8 20. e5 Nd5 21. Bxe7 Nxe7 22. exd6 Nf5 23. d5 Nd4 24. dxe6 Nxe6 25. Rxe6 fxe6 26. Bxe6+ Kh8 27. Bxc8 Bxc8 28. d7 Bxd7 29. Qxd7 1-0


[Site "https://www.chess.com"]

[Event "Titled Tuesday Blitz February 28 Early 2023"]
[White "Avazkhonov, Alikhon"]
[Black "Wagh Suyog"]
[WhiteFideId "14208504"]
[BlackFideId "25071688"]
[WhiteElo "1739"]
[BlackElo "2288"]
[Result "1-0"]
[Round "02"]
[TimeControl "180+2"]
[Date "2023.02.28"]
[WhiteClock "0:00:10"]
[BlackClock "0:00:58"]

1. d4 Nf6 2. c4 e6 3. Nc3 Bb4 4. e3 O-O 5. Bd2 d6 6. Nf3 Nc6 7. Bd3 e5 8. d5 Ne7 9. e4 Ng6 10. O-O Bg4 11. h3 Bd7 12. Re1 a5 13. a3 Bc5 14. Na4 b6 15. Bc2 Re8 16. b4 axb4 17. axb4 Bd4 18. Nxd4 exd4 19. Nb2 c5 20. dxc6 Bxc6 21. Rxa8 Qxa8 22. f3 Qa3 23. Qa1 Ra8 24. Qxa3 Rxa3 25. b5 Bb7 26. Bb4 Ra2 27. Rb1 Ne8 28. Bb3 Ra8 29. Na4 Rb8 30. Nxb6 Bxe4 31. fxe4 Rxb6 32. Ba5 Rb8 33. b6 Nf4 34. Ba4 Kf8 35. b7 Ne6 36. Bc6 Ke7 37. Bb6 Nd8 38. Bd5 Nf6 39. Ba7 Nxd5 40. Bxb8 Nc3 41. Bxd6+ 1-0


[Site "https://www.chess.com"]

[Event "Titled Tuesday Blitz February 28 Early 2023"]
[White "Mahdavi, Reza"]
[Black "Toktomushev, Teimur"]
[WhiteFideId "12595926"]
[BlackFideId "14176726"]
[WhiteElo "2242"]
[BlackElo "2106"]
[Result "1-0"]
[Round "02"]
[TimeControl "180+2"]
[Date "2023.02.28"]
[WhiteClock "0:01:31"]
[BlackClock "0:00:02"]

1. Nf3 d5 2. g3 Nf6 3. Bg2 e6 4. d4 Be7 5. c4 O-O 6. O-O c6 7. b3 b6 8. Qc2 Ba6 9. Re1 Nbd7 10. Nc3 c5 11. cxd5 exd5 12. Bb2 Rc8 13. Rad1 cxd4 14. Nxd4 Bc5 15. Qb1 Re8 16. e3 Bb4 17. Rc1 Nc5 18. Red1 Bxc3 19. Bxc3 Nfe4 20. Be1 Qf6 21. b4 Na4 22. b5 Bb7 23. Qb3 Nac5 24. Qa3 a6 25. Ne2 axb5 26. Nf4 Ra8 27. Qb4 Rxa2 28. Qxb5 Bc6 29. Qxb6 g5 30. Rxc5 Nxc5 31. Nxd5 1-0


[Site "https://www.chess.com"]

[Event "Titled Tuesday Blitz February 28 Early 2023"]
[White "Estrada Nieto, Julian"]
[Black "Goltsev, Dmitry"]
[WhiteFideId "5101018"]
[BlackFideId "24176710"]
[WhiteElo "2176"]
[BlackElo "2302"]
[Result "0-1"]
[Round "02"]
[TimeControl "180+2"]
[Date "2023.02.28"]
[WhiteClock "0:00:09"]
[BlackClock "0:01:42"]

1. e4 e6 2. d4 d5 3. Nd2 c5 4. exd5 exd5 5. Ngf3 Nf6 6. Bb5+ Nc6 7. O-O Be7 8. dxc5 Bxc5 9. Nb3 Bb6 10. Re1+ Be6 11. Be3 O-O 12. Bxb6 Qxb6 13. Bd3 Bg4 14. h3 Bh5 15. Be2 Ne4 16. Nfd4 Bg6 17. c3 Rfe8 18. Nxc6 bxc6 19. Qd4 Qc7 20. Bf3 Rad8 21. Nc5 Nd6 22. Qf4 h6 23. h4 Qb6 24. b4 Nb5 25. Rxe8+ Rxe8 26. Rc1 Qd8 27. a4 Nd6 28. Rd1 Qe7 29. Bg4 f5 30. Bf3 Bf7 31. h5 Nc4 32. Qxf5 Rf8 33. Qd7 Qf6 34. Rd3 Bxh5 35. Qe6+ Qxe6 36. Nxe6 Rf6 37. Bxh5 Rxe6 38. Bg4 Re1+ 39. Kh2 Nb2 40. Rd4 Nxa4 41. b5 cxb5 42. Rxd5 Nxc3 43. Rc5 b4 44. Rc8+ Kf7 45. Rc7+ Re7 46. Bh5+ g6 47. Bxg6+ Kf6 48. Rc6+ Re6 49. Rxe6+ Kxe6 50. f4 a5 51. Bc2 a4 52. g4 a3 53. Bb3+ Kf6 54. Kg3 a2 55. Kh4 a1=Q 56. g5+ hxg5+ 57. fxg5+ Kg7 0-1


[Site "https://www.chess.com"]

[Event "Titled Tuesday Blitz February 28 Early 2023"]
[White "Msellek, Ilyass"]
[Black "Koridze, Lile"]
[WhiteFideId "675938"]
[BlackFideId "13612514"]
[WhiteElo "2303"]
[BlackElo "2047"]
[Result "1-0"]
[Round "02"]
[TimeControl "180+2"]
[Date "2023.02.28"]
[WhiteClock "0:01:49"]
[BlackClock "0:01:20"]

1. d4 Nf6 2. Nf3 d5 3. Bg5 e6 4. e3 Be7 5. Nbd2 O-O 6. Bd3 c5 7. c3 b6 8. O-O Bb7 9. Ne5 Nbd7 10. f4 h6 11. Bh4 Ne4 12. Bxe7 Qxe7 13. Nxe4 dxe4 14. Bc4 Nf6 15. f5 exf5 16. Rxf5 Rad8 17. Qe2 Bd5 18. Bb5 Qe6 19. Raf1 Bxa2 20. Rxf6 gxf6 21. Ng4 Kg7 22. Rxf6 Qxf6 23. Nxf6 Kg6 24. Nxe4 1-0


[Site "https://www.chess.com"]

[Event "Titled Tuesday Blitz February 28 Early 2023"]
[White "Jovic, Stanoje"]
[Black "Cherniaiev, Tykhon"]
[WhiteFideId "905020"]
[BlackFideId "14182360"]
[WhiteElo "2236"]
[BlackElo "2450"]
[Result "0-1"]
[Round "02"]
[TimeControl "180+2"]
[Date "2023.02.28"]
[WhiteClock "0:00:11"]
[BlackClock "0:00:03"]

1. c4 e5 2. g3 Nf6 3. Bg2 Nc6 4. Nf3 e4 5. Ng5 d5 6. cxd5 Qxd5 7. d3 Bb4+ 8. Nc3 Qe5 9. Nxe4 Nxe4 10. Bxe4 Bh3 11. Bd2 O-O 12. Qa4 Nd4 13. e3 Rfd8 14. exd4 Rxd4 15. O-O-O Rad8 16. Qxa7 f5 17. f4 Qe6 18. Bxb7 Rxd3 19. Rhe1 Qd6 20. Qf2 Bxc3 21. bxc3 Bg4 22. Kc2 Bxd1+ 23. Rxd1 Qa3 24. Bd5+ R3xd5 25. Bc1 Qxa2+ 26. Bb2 Rxd1 27. Qe2 Qa4# 0-1


[Site "https://www.chess.com"]

[Event "Titled Tuesday Blitz February 28 Early 2023"]
[White "EREBUNI91"]
[Black "Kostiukov, Alexandr"]
[BlackFideId "14108100"]
[WhiteElo "2718"]
[BlackElo "2202"]
[Result "1-0"]
[Round "02"]
[TimeControl "180+2"]
[Date "2023.02.28"]
[WhiteClock "0:00:17"]
[BlackClock "0:00:10"]

1. e4 c5 2. Nc3 g6 3. d4 cxd4 4. Qxd4 Nf6 5. Be3 Nc6 6. Qd2 Bg7 7. O-O-O O-O 8. f3 Qa5 9. Kb1 d6 10. Bc4 Be6 11. Bxe6 fxe6 12. Nge2 Ne5 13. b3 b5 14. Nd4 Rfb8 15. Nxe6 Nc4 16. Qd4 Nxe3 17. Qxe3 Ng4 18. fxg4 Bxc3 19. Rd3 Be5 20. h4 Rb6 21. c3 Ra6 22. Qd2 Rc8 23. Rf1 Rac6 24. Rdf3 Bg7 25. Nxg7 Kxg7 26. Rf7+ Kg8 27. Qh6 1-0


[Site "https://www.chess.com"]

[Event "Titled Tuesday Blitz February 28 Early 2023"]
[White "Aradhya, Garg"]
[Black "Smith, Garrett L"]
[WhiteFideId "25006746"]
[BlackFideId "2024829"]
[WhiteElo "2278"]
[BlackElo "2312"]
[Result "1-0"]
[Round "02"]
[TimeControl "180+2"]
[Date "2023.02.28"]
[WhiteClock "0:00:31"]
[BlackClock "0:00:43"]

1. d4 Nf6 2. c4 g6 3. Nf3 Bg7 4. g3 c6 5. Bg2 d5 6. O-O O-O 7. a4 dxc4 8. Na3 Be6 9. Ng5 Bd5 10. e4 h6 11. exd5 hxg5 12. dxc6 Nxc6 13. Nxc4 Qxd4 14. Qxd4 Nxd4 15. Bxg5 Rac8 16. Ne3 Rfd8 17. Rad1 b6 18. Bxf6 Bxf6 19. Nd5 Kf8 20. Rd2 Rc4 21. Rfd1 Rxa4 22. Nxf6 exf6 23. Kf1 Ke7 24. Re1+ Ne6 25. Rc2 Rd7 26. Bc6 Rad4 27. Bxd7 Kxd7 28. h4 a5 29. Kg2 b5 30. Rh1 b4 31. h5 gxh5 32. Rxh5 a4 33. Ra5 b3 34. Re2 Kd6 35. Ra7 Rc4 36. Rd2+ Ke5 37. Kf3 Nd4+ 38. Ke3 Nf5+ 39. Kd3 Rd4+ 40. Kc3 1-0


[Site "https://www.chess.com"]

[Event "Titled Tuesday Blitz February 28 Early 2023"]
[White "Zaichenko, Daria"]
[Black "Costachi, Mihnea"]
[WhiteFideId "4197453"]
[BlackFideId "1217518"]
[WhiteElo "2039"]
[BlackElo "2456"]
[Result "0-1"]
[Round "02"]
[TimeControl "180+2"]
[Date "2023.02.28"]
[WhiteClock "0:00:33"]
[BlackClock "0:01:07"]

1. e4 e5 2. Nf3 Nc6 3. Bc4 Bc5 4. d3 Nf6 5. c3 h6 6. O-O d6 7. Re1 O-O 8. Nbd2 Bb6 9. Bb3 Nh5 10. Nf1 Qf6 11. d4 Bg4 12. d5 Ne7 13. h3 Bd7 14. N1h2 Nf4 15. Bxf4 Qxf4 16. Qd2 Qf6 17. Rf1 Ng6 18. Bd1 Nf4 19. Ng4 Qg6 20. Nfh2 h5 21. Ne3 Bxh3 22. g3 h4 23. Bg4 hxg3 24. fxg3 Bxg4 25. Nxg4 Qxg4 26. Qf2 Nh3+ 27. Kh2 Nxf2 28. Nxg4 Nxg4+ 0-1


[Site "https://www.chess.com"]

[Event "Titled Tuesday Blitz February 28 Early 2023"]
[White "Malek, Jan"]
[Black "Sliwicki, Damian"]
[WhiteFideId "21864080"]
[BlackFideId "1127128"]
[WhiteElo "2255"]
[BlackElo "1988"]
[Result "1-0"]
[Round "02"]
[TimeControl "180+2"]
[Date "2023.02.28"]
[WhiteClock "0:00:23"]
[BlackClock "0:00:01"]

1. c4 Nf6 2. Nf3 c5 3. g3 Nc6 4. Bg2 e5 5. d3 d6 6. O-O Be7 7. Nc3 O-O 8. Ne1 Ne8 9. Nc2 f5 10. Ne3 Nc7 11. a3 Bg5 12. b4 cxb4 13. axb4 Nxb4 14. Qb3 Nc6 15. Nc2 Bxc1 16. Rfxc1 Kh8 17. Rcb1 Ne6 18. Qa3 Ned4 19. Nxd4 Nxd4 20. Rb2 a5 21. Rab1 Rb8 22. Bxb7 Bxb7 23. Rxb7 Rxb7 24. Rxb7 f4 25. Rb2 fxg3 26. hxg3 Qf6 27. Ne4 Qh6 28. Qxd6 Qc1+ 29. Kg2 Rg8 30. Rb8 Nxe2 31. Rxg8+ Kxg8 32. Qxe5 Qg1+ 33. Kf3 h6 34. Kxe2 a4 35. Qe8+ Kh7 36. Qxa4 Qb1 37. Qb5 Qc2+ 38. Ke3 Qc1+ 39. Kd4 Qa1+ 40. Kd5 Qa8+ 41. Ke5 Qa1+ 42. d4 Qh1 43. Qd7 Qa1 44. Nf6+ Kg6 45. Qe8+ Kg5 46. Qh5# 1-0


[Site "https://www.chess.com"]

[Event "Titled Tuesday Blitz February 28 Early 2023"]
[White "Melikhov, Evgeny V."]
[Black "Matinian, Nikita"]
[WhiteFideId "4122046"]
[BlackFideId "24129100"]
[WhiteElo "2158"]
[BlackElo "2422"]
[Result "1/2-1/2"]
[Round "02"]
[TimeControl "180+2"]
[Date "2023.02.28"]
[WhiteClock "0:00:20"]
[BlackClock "0:00:21"]

1. d4 Nf6 2. c4 e6 3. Nc3 Bb4 4. Qc2 d6 5. a3 Bxc3+ 6. Qxc3 O-O 7. Nf3 Nc6 8. e3 Qe7 9. b3 e5 10. dxe5 dxe5 11. Bb2 Ne4 12. Qc2 f5 13. Be2 b6 14. O-O Bb7 15. Rad1 Rae8 16. Rd5 Nf6 17. Rdd1 f4 18. exf4 exf4 19. Bd3 Qc5 20. Bxf6 Rxf6 21. Bxh7+ Kf8 22. b4 Qh5 23. Be4 Rh6 24. h3 Bc8 25. Rd5 Ne5 26. Rxe5 Rxe5 27. Nxe5 Qxe5 28. Rd1 Rd6 29. Rd5 Qa1+ 30. Kh2 Rxd5 31. Bxd5 Qe5 32. Qg6 Qf5 33. Qxf5+ Bxf5 34. g3 fxg3+ 35. fxg3 Ke7 36. c5 Kf6 37. g4 Bd3 38. cxb6 axb6 39. a4 Ke5 40. Bb7 c5 41. bxc5 bxc5 42. Kg3 c4 43. Ba6 Kd4 44. Bxc4 Kxc4 45. Kf4 Kb4 46. Kg5 Kxa4 47. h4 Kb5 48. h5 Kc6 49. h6 gxh6+ 50. Kxh6 Kd6 51. g5 Ke7 52. g6 Bxg6 1/2-1/2


[Site "https://www.chess.com"]

[Event "Titled Tuesday Blitz February 28 Early 2023"]
[White "Nazari, Arad"]
[Black "Levitan, Caleb Levi"]
[WhiteFideId "12577324"]
[BlackFideId "14332620"]
[WhiteElo "2242"]
[BlackElo "1963"]
[Result "0-1"]
[Round "02"]
[TimeControl "180+2"]
[Date "2023.02.28"]
[WhiteClock "0:00:06"]
[BlackClock "0:00:13"]

1. e4 c5 2. Nf3 e6 3. b3 d5 4. Bb5+ Bd7 5. Bxd7+ Qxd7 6. exd5 exd5 7. O-O Nf6 8. d4 Be7 9. dxc5 O-O 10. Bb2 Na6 11. Re1 Nxc5 12. Nc3 Rad8 13. Ne5 Qc7 14. Nb5 Qb8 15. Ng4 Nce4 16. Ne3 a6 17. Nd4 Qf4 18. Qf3 Qxf3 19. Nxf3 Bc5 20. Rad1 Rfe8 21. Rd3 Nxf2 22. Kxf2 Ng4+ 23. Kg3 Nxe3 24. Bc1 Nf5+ 25. Kf4 Rxe1 26. Nxe1 g6 27. Nf3 Bd6+ 28. Kg5 h6+ 29. Kf6 Re8 30. Rxd5 Re6# 0-1


[Site "https://www.chess.com"]

[Event "Titled Tuesday Blitz February 28 Early 2023"]
[White "Lopez Del Alamo, Antonio"]
[Black "Barbosa, Evandro Amorim"]
[WhiteFideId "2227339"]
[BlackFideId "2115824"]
[WhiteElo "2175"]
[BlackElo "2439"]
[Result "0-1"]
[Round "02"]
[TimeControl "180+2"]
[Date "2023.02.28"]
[WhiteClock "0:01:05"]
[BlackClock "0:02:11"]

1. e4 c5 2. Nf3 e6 3. d3 Nc6 4. g3 g6 5. d4 cxd4 6. Nxd4 Bg7 7. Be3 Nf6 8. Nc3 d5 9. Nxc6 bxc6 10. e5 Nd7 11. f4 O-O 12. Be2 Rb8 13. Rb1 c5 14. Bf2 d4 15. Ne4 Bb7 16. Bf3 Ba6 17. Qd2 f6 18. exf6 Nxf6 19. Nxc5 Bc4 20. Nd3 Bxa2 21. Ra1 Bd5 22. Bxd5 Qxd5 23. O-O Ne4 24. Qe2 e5 25. fxe5 Ng5 0-1


[Site "https://www.chess.com"]

[Event "Titled Tuesday Blitz February 28 Early 2023"]
[White "Prieto Aranguren, Alain"]
[Black "Srihari L R"]
[WhiteFideId "2268906"]
[BlackFideId "46617116"]
[WhiteElo "2209"]
[BlackElo "2334"]
[Result "0-1"]
[Round "02"]
[TimeControl "180+2"]
[Date "2023.02.28"]
[WhiteClock "0:01:58"]
[BlackClock "0:01:36"]

1. d4 d6 2. Nf3 g6 3. c4 Bg7 4. Nc3 Nc6 5. d5 Ne5 6. Nxe5 Bxe5 7. e4 Bg7 8. Be3 Nf6 9. f3 O-O 10. Qd2 e6 11. Be2 exd5 12. cxd5 Nh5 13. O-O f5 14. Bd4 Bxd4+ 15. Qxd4 Bd7 16. Rfe1 Qg5 17. Bf1 a6 18. Rac1 Rae8 19. e5 dxe5 20. Rxe5 Qxc1 0-1


[Site "https://www.chess.com"]

[Event "Titled Tuesday Blitz February 28 Early 2023"]
[White "Kuchava, Ana"]
[Black "Subelj, Jan"]
[WhiteFideId "13605348"]
[BlackFideId "14618583"]
[WhiteElo "2001"]
[BlackElo "2480"]
[Result "1/2-1/2"]
[Round "02"]
[TimeControl "180+2"]
[Date "2023.02.28"]
[WhiteClock "0:00:03"]
[BlackClock "0:00:16"]

1. d4 Nf6 2. Nf3 g6 3. c4 Bg7 4. Nc3 O-O 5. e4 d6 6. Be2 e5 7. O-O Nc6 8. Be3 Ng4 9. Bg5 f6 10. Bc1 f5 11. d5 Nd4 12. Nxd4 exd4 13. Nb5 c5 14. dxc6 bxc6 15. Nxd4 Qb6 16. Nb3 Nxf2 17. Rxf2 fxe4 18. c5 dxc5 19. Bc4+ Kh8 20. Rxf8+ Bxf8 21. Be3 Bf5 22. Qe2 a5 23. Qf2 a4 24. Nxc5 Bg7 25. Bd4 Qd8 26. Bxg7+ Kxg7 27. Be6 Qf6 28. Rf1 e3 29. Qxe3 Re8 30. Re1 Qxb2 31. a3 Qf6 32. Qe5 Qxe5 33. Rxe5 Kf6 34. Nd7+ Kg5 35. Bxf5 Rxe5 36. Nxe5 Kxf5 37. Nxc6 Ke4 38. Nb4 Kd4 39. Kf2 Kc4 40. Ke3 Kb3 41. Kd3 Kxa3 42. Nc2+ Kb3 43. Kd2 g5 44. g4 h6 45. h3 Kb2 46. Kd3 Kb3 47. Kd2 Kb2 48. Kd3 Kb3 49. Kd2 1/2-1/2


[Site "https://www.chess.com"]

[Event "Titled Tuesday Blitz February 28 Early 2023"]
[White "Darini, Pouria"]
[Black "Winkels, Marcel"]
[WhiteFideId "12502200"]
[BlackFideId "1003887"]
[WhiteElo "2482"]
[BlackElo "1900"]
[Result "1-0"]
[Round "02"]
[TimeControl "180+2"]
[Date "2023.02.28"]
[WhiteClock "0:01:13"]
[BlackClock "0:00:11"]

1. Nf3 Nf6 2. c4 g6 3. b3 c5 4. Bb2 Bg7 5. g3 O-O 6. Bg2 Nc6 7. O-O d5 8. cxd5 Nxd5 9. Bxg7 Kxg7 10. d4 cxd4 11. Nxd4 e5 12. Nxc6 bxc6 13. Qc2 Qb6 14. Na3 Bf5 15. e4 Nb4 16. Qc3 Be6 17. Qxe5+ Kg8 18. Rfd1 Qa6 19. Qb2 Rad8 20. Bf1 Qa5 21. Nc4 Qc5 22. a3 Na6 23. b4 Qe7 24. Na5 Rxd1 25. Rxd1 Nb8 26. Qd4 Bg4 27. Rd2 Re8 28. Bg2 h5 29. h3 Be6 30. f4 Qc7 31. e5 Bf5 32. Kh2 Qc8 33. Qd6 h4 34. g4 Be6 35. Qd4 Nd7 36. Nxc6 Rf8 37. Ne7+ 1-0


[Site "https://www.chess.com"]

[Event "Titled Tuesday Blitz February 28 Early 2023"]
[White "Levine, David"]
[Black "Csonka, Balazs"]
[WhiteFideId "2011611"]
[BlackFideId "742910"]
[WhiteElo "2119"]
[BlackElo "2404"]
[Result "0-1"]
[Round "02"]
[TimeControl "180+2"]
[Date "2023.02.28"]
[WhiteClock "0:00:32"]
[BlackClock "0:00:43"]

1. d4 Nf6 2. c4 g6 3. g3 Bg7 4. Bg2 d5 5. cxd5 Nxd5 6. Nf3 Nb6 7. O-O Nc6 8. e3 O-O 9. Nc3 Re8 10. h3 a5 11. Bd2 e5 12. dxe5 Nxe5 13. Nxe5 Bxe5 14. Rc1 Nc4 15. Rc2 c6 16. Bc1 Qe7 17. Qe2 Be6 18. b3 Na3 19. Bxa3 Qxa3 20. Rd1 Rad8 21. Nb1 Qb4 22. Rcd2 Rxd2 23. Qxd2 Qxd2 24. Rxd2 a4 25. b4 a3 26. Bf1 Bb2 27. Rd3 Ra8 0-1


[Site "https://www.chess.com"]

[Event "Titled Tuesday Blitz February 28 Early 2023"]
[White "Van Foreest, Jorden"]
[Black "Bettalli, Francesco"]
[WhiteFideId "1039784"]
[BlackFideId "2816453"]
[WhiteElo "2633"]
[BlackElo "2216"]
[Result "1/2-1/2"]
[Round "02"]
[TimeControl "180+2"]
[Date "2023.02.28"]
[WhiteClock "0:00:15"]
[BlackClock "0:00:04"]

1. d4 g6 2. c4 Bg7 3. e4 c5 4. d5 e5 5. Nc3 d6 6. h4 h5 7. g3 a6 8. Bh3 Nh6 9. Bxc8 Qxc8 10. Nh3 Ng4 11. f3 Nh6 12. a3 Nd7 13. Rb1 Rb8 14. a4 b6 15. Kf1 f6 16. Kg2 Nf7 17. b3 Nf8 18. Qd3 Nh7 19. Be3 g5 20. Nf2 gxh4 21. Rxh4 Nhg5 22. Rbh1 Ke7 23. f4 Nh7 24. Rxh5 Nf8 25. Rxh8 Bxh8 26. f5 Nd7 27. Qe2 Qg8 28. Qh5 Qg7 29. Qg6 Rg8 30. Qxg7 Bxg7 31. Kf3 Rh8 32. Rxh8 Nxh8 33. g4 Nf7 34. Ne2 Nf8 35. Nh3 Nh7 36. Nc1 Bh6 37. Bxh6 Nxh6 38. Nd3 a5 39. Kg3 Nf7 40. Ne1 Nhg5 41. Nf2 Nh7 42. Nf3 Nfg5 43. Nh4 Kf7 44. Kg2 Kg7 45. Kf1 Nf7 46. Ke2 Kh6 47. Ke3 Nf8 48. Nf3 Ng5 49. Nh4 Nf7 50. Nh1 Kg5 51. Nf3+ Kxg4 52. Nf2+ Kg3 53. Nd1 Nh6 54. Nc3 Ng4+ 55. Ke2 Nf2 56. Nd2 Nh3 57. Nb5 Nf4+ 58. Ke3 Ng2+ 59. Kd3 Nf4+ 60. Kc2 Kf2 61. Nxd6 Ke3 62. Nb5 Ne2 63. d6 Nd7 64. Nc3 Nd4+ 65. Kd1 Kd3 66. Nd5 Ne2 67. Nf1 Nd4 68. Nh2 Kxe4 69. Ne7 Nxf5 70. Ng4 Nxd6 71. Nd5 f5 72. Nf2+ Kd4 73. Ne7 e4 74. Ke2 Kc3 75. Nd1+ Kxb3 76. Ne3 Kxa4 77. N3xf5 Nxf5 78. Nxf5 Kb4 79. Ne3 a4 80. Kd2 a3 81. Kc2 Ne5 82. Nd5+ Ka5 83. Ne3 Ka4 84. Kc3 a2 85. Kb2 Kb4 86. Nd5+ Kxc4 87. Nxb6+ Kd3 88. Na4 e3 89. Nxc5+ Kd2 90. Ne4+ Kd3 91. Ng3 Nc4+ 92. Kxa2 Nd2 93. Kb2 Ne4 94. Nh5 Kd2 95. Nf4 Nc5 96. Ka3 Nd3 97. Nh3 e2 98. Ng1 e1=N 99. Nh3 Ke3 100. Ng5 Kd4 101. Ne6+ Kc4 102. Ka2 Nc2 103. Ng7 Kc3 104. Nf5 Ndb4+ 105. Kb1 Nd4 106. Nxd4 1/2-1/2


[Site "https://www.chess.com"]

[Event "Titled Tuesday Blitz February 28 Early 2023"]
[White "Yaniuk, Volodymyr"]
[Black "Kamsky, Gata"]
[WhiteFideId "14133083"]
[BlackFideId "2000024"]
[WhiteElo "2141"]
[BlackElo "2666"]
[Result "0-1"]
[Round "02"]
[TimeControl "180+2"]
[Date "2023.02.28"]
[WhiteClock "0:01:29"]
[BlackClock "0:02:09"]

1. d4 g6 2. Nf3 Bg7 3. c4 Nf6 4. Nc3 O-O 5. e4 d6 6. Be2 e5 7. O-O Nbd7 8. Bg5 c6 9. Qd2 Re8 10. dxe5 dxe5 11. Rfd1 Qe7 12. Bh6 Nc5 13. Bxg7 Kxg7 14. Qe3 a5 15. b3 Bg4 16. Rd2 Bxf3 17. Bxf3 Ne6 18. Ne2 a4 19. Rad1 axb3 20. axb3 Qc5 21. Qc3 Ra3 22. h3 h5 23. g3 Ng5 24. Qd3 Nxh3+ 25. Kg2 Nxf2 0-1


[Site "https://www.chess.com"]

[Event "Titled Tuesday Blitz February 28 Early 2023"]
[White "Bruzon Batista, Lazaro"]
[Black "Fawzy, Adham"]
[WhiteFideId "3503739"]
[BlackFideId "10613129"]
[WhiteElo "2709"]
[BlackElo "2543"]
[Result "1-0"]
[Round "02"]
[TimeControl "180+2"]
[Date "2023.02.28"]
[WhiteClock "0:00:17"]
[BlackClock "0:00:01"]

1. d4 Nf6 2. c4 g6 3. f3 c5 4. d5 d6 5. e4 e6 6. Nc3 Bg7 7. Nge2 O-O 8. Ng3 exd5 9. cxd5 h5 10. Bg5 a6 11. a4 Qc7 12. Qd2 Nbd7 13. Be2 Rb8 14. O-O c4 15. Be3 h4 16. Nh1 Nc5 17. Bxc4 Ncxe4 18. fxe4 Qxc4 19. Nf2 h3 20. gxh3 b5 21. axb5 axb5 22. Rac1 Ba6 23. Rfe1 b4 24. Na4 Qb5 25. b3 Rbc8 26. Bd4 Rfe8 27. Rxc8 Rxc8 28. Qb2 Ne8 29. Bxg7 Nxg7 30. Ng4 Nh5 31. Nh6+ Kf8 32. Qf2 Rc7 33. Qd4 f6 34. Ng4 Qd3 35. Qxd3 Bxd3 36. Nf2 Bc2 37. Rc1 Nf4 38. Kf1 Rc8 39. Ke1 Ke7 40. Kd2 1-0


[Site "https://www.chess.com"]